 Dungeon Crawl Stone Soup version 0.17-a0-1945-gfe993df (webtiles) character file.

1135 esc the Insei (level 8, -3/54 HPs)
             Began as an Octopode Transmuter on Sept 30, 2015.
             Was a Follower of Cheibriados.
             Slain by an orc warrior
             ... wielding a +0 halberd
              (24 damage)
             ... on level 6 of the Dungeon.
             The game lasted 00:18:38 (6016 turns).

esc the Insei (Octopode Transmuter)                 Turns: 6016, Time: 00:18:38

Health: -3/54      AC:  6    Str: 12    XL:     8   Next: 36%
Magic:  14/14      EV: 15    Int: 20    God:    Cheibriados [*.....]
Gold:   307        SH:  0    Dex: 16    Spells: 2 memorised, 12 levels left

rFire  . . .     SeeInvis .       - Unarmed
rCold  + . .     Clarity  .     (no shield)
rNeg   . . .     SustAt   .     (helmet restricted)
rPois  .         Gourm    .     y - amulet of resist corrosion {rCorr, !d}
rElec  .         Spirit   .     g - +2 ring of slaying
rCorr  +         Warding  .     l - ring of flight {+Fly, !d}
rMut   .         Stasis   .     f - ring of stealth {Stlth+}
MR     .....                    u - ring of protection from cold {rC+, !d}
Stlth  +++.......               m - +5 ring of protection
                                (no ring)
                                (no ring)
                                (no ring)

@: very slow, not resistant to hostile enchantments, fairly stealthy
A: almost no armour, amphibious, 8 rings, constrict 8, tentacle spike 1,
camouflage 1, gelatinous body 1
a: Bend Time, Renounce Religion, Evoke Flight


You were on level 6 of the Dungeon.
You worshipped Cheibriados.
Cheibriados was aware of your devotion.
You were not hungry.

You visited 2 branches of the dungeon, and saw 7 of its levels.

You collected 329 gold pieces.
You spent 22 gold pieces at shops.

Inventory:

Missiles
 a - 101 arrows
 h - 3 arrows of dispersal {=f}
Jewellery
 f - a ring of stealth (on tentacle) {Stlth+}
   (You found it on level 4 of the Dungeon)
 g - a +2 ring of slaying (left tentacle)
   (You found it on level 1 of the Dungeon)
 l - a ring of flight (right tentacle) {+Fly, !d}
   (You found it on level 2 of the Dungeon)
 m - a +5 ring of protection (on tentacle)
   (You found it on level 5 of the Dungeon)
 u - a ring of protection from cold (on tentacle) {rC+, !d}
   (You found it on level 5 of the Dungeon)
 y - an amulet of resist corrosion (around mantle) {rCorr, !d}
   (You found it on level 6 of the Dungeon)
Scrolls
 d - 2 scrolls of teleportation
 j - 8 scrolls of remove curse
Potions
 e - a potion of agility
 i - 2 potions of might
 k - 3 potions of resistance {unknown}
 o - 2 potions of cure mutation {!q}
 q - 3 potions of brilliance {unknown}
 r - a potion of poison (quivered) {!q}
 s - a potion of curing
 v - a potion of haste {unknown}
 A - a potion of flight {unknown}
Books
 b - a book of Changes
 n - a book of Conjurations
   (You found it on level 4 of the Dungeon)
Miscellaneous
 t - a fan of gales
   (You found it on level 5 of the Dungeon)
Comestibles
 c - 5 bread rations {@e1}
 p - 5 meat rations {@e2}
 w - a slice of pizza
 x - a beef jerky


   Skills:
 + Level 4.5 Fighting
 + Level 4.6 Dodging
 + Level 5.1 Unarmed Combat
 + Level 4.3 Spellcasting
 + Level 4.4 Transmutations


You had 12 spell levels left.
You knew the following spells:

 Your Spells              Type           Power        Failure   Level  Hunger
a - Beastly Appendage     Trmt           ###...       1%          1    None
s - Sticks to Snakes      Trmt           ###.......   2%          2    #......


Dungeon Overview and Level Annotations

Branches:
Dungeon (6/15)             Temple (1/1) D:5

Altars:
Ashenzari
Cheibriados
Dithmenos
Fedhas
Kikubaaqudgha
Makhleb
Nemelex Xobeh
Okawaru
Qazlal
Sif Muna
Trog
Yredelemnul
Zin

Shops:
D:5 *

Annotations:
D:6 exclusion: troll, Blork the orc


Innate Abilities, Weirdness & Mutations

You cannot wear most types of armour.
You are amphibious.
You can wear up to eight rings at the same time.
You can use your tentacles to constrict eight enemies at once.
Your skin changes colour to match your surroundings (Stealth).
Your rubbery body absorbs attacks (AC +1).
One of your tentacles bears a spike.


Message History

You create a snake!
Your ball python barely misses the orc warrior.
Your ball python constricts the orc warrior.
Your adder bites Blork the orc.
Blork the orc is poisoned.
Your adder poisons Blork the orc!
The orc warrior hits your ball python with a halberd!!
Your ball python dies!
Blork the orc casts a cantrip, but nothing happens.
The orc hits your adder.
You now have 8/14 mp.
Your adder bites the orc.
Blork the orc points at you and mumbles some strange words.
The magic dart hits you!
The orc warrior hits your adder from afar with a halberd!
Your adder dies!
You take 4 damage, and have 36/54 hp.
The orc warrior looks more healthy.
Blork the orc points at you and mumbles some strange words.
The puff of frost misses you.
The gnoll closely misses your ball python.
The orc throws a tomahawk.
The tomahawk barely misses your ball python.
The tomahawk hits you but does no damage.
You see here a tomahawk.
Your ball python bites Blork the orc but does no damage.
Your ball python grabs Blork the orc.
Your ball python constricts Blork the orc.
Blork the orc casts a spell at you. The puff of frost hits you! You resist.
Your ball python bites Blork the orc.
Your ball python constricts Blork the orc.
The orc warrior misses your ball python.
A gnoll comes into view. It is wielding a spear.
You take 2 damage, and have 34/54 hp.
Really attack while wielding your 3 arrows of dispersal {=f}?
Okay, then.
Wield which item (- for none, * to show all)? (? for menu, Esc to quit)
Okay, then.
Wield which item (- for none, * to show all)? (? for menu, Esc to quit)
You are now empty-tentacled.
You tentacle-slap the gnoll. You grab the gnoll. You constrict the gnoll.
The gnoll barely misses you.
You tentacle-slap the gnoll.
You pierce the gnoll.
You constrict the gnoll. The gnoll closely misses you.
You bludgeon the gnoll!
You kill the gnoll!
Cheibriados thoroughly appreciates the change of pace.
The orc closely misses you.
Blork the orc shouts!
You bludgeon the orc!
You kill the orc!
Cheibriados appreciates the change of pace.
The gnoll shouts!
The gnoll hits you from afar with a spear!
You take 8 damage, and have 28/54 hp.
Read which item? (? for menu, Esc to quit)
As you read the scroll of teleportation, it crumbles to dust.
You feel strangely unstable. The gnoll closely misses you.
The gnoll closely misses you.
Really walk into a travel-excluded area?
Your surroundings suddenly seem different.
You start resting.
Some of the chunks of flesh in your inventory have rotted away.
All of the chunks of flesh in your inventory have rotted away.
Health restored: 54; MP restored: 14
Things that are here:
a dagger of venom; a chain mail
Things that are here:
a club; a leather armour Tossing away (i - inventory):
r - 2 potions of poison (quivered)
{!q}
Aim: an orc warrior, wielding a halberd and wearing a plate armour (heavily wounded, hasn't noticed you)
You toss away a potion of poison {!q}.
The orc warrior shouts!
The potion of poison {!q} hits the orc warrior but does no damage.
The orc warrior hits you with a halberd.
The orc warrior misses you.
You take 2 damage, and have 52/54 hp.
You closely miss the orc warrior. You grab the orc warrior.
You constrict the orc warrior, but do no damage.
You tentacle-slap the orc warrior but do no damage.
You constrict the orc warrior, but do no damage.
The orc warrior hits you with a halberd!
You take 16 damage, and have 36/54 hp.
MASSIVE DAMAGE!!
You tentacle-slap the orc warrior.
You constrict the orc warrior, but do no damage.
The orc warrior hits you with a halberd.
You take 5 damage, and have 31/54 hp.
The gnoll shouts!
You tentacle-slap the orc warrior.
You pierce the orc warrior, but do no damage.
You constrict the orc warrior, but do no damage.
The orc warrior hits you with a halberd!
You take 10 damage, and have 21/54 hp.
You tentacle-slap the orc warrior but do no damage.
You constrict the orc warrior.
You tentacle-slap the orc warrior but do no damage.
You constrict the orc warrior.
The orc warrior hits you with a halberd!!
You die...

......### #......#...# ..# #.
####### #........#.# ..#####.
######## #........#.# ........
.......# #........#.# #.....
.......#####........#.# #.####
...........#........#.# #....'
...........#......###'###########
...........#####o...............'
...........# #@..g.....#####.##
.......###.# ###.........# #..+
##########.# #.).######### ####
#......# #.### # #......# #.#
#......# #)# #......###.#
#..........# #......#####


You could see an orc warrior and a gnoll.

Vanquished Creatures
  A sky beast (D:6)
  A phantom (D:6)
  A centaur (D:5)
  2 ogres (D:4)
  3 scorpions (D:5)
  A crimson imp (D:5)
  A hound (D:5)
  A jelly (D:6)
  An orc wizard (D:4)
  2 iguanas (D:5)
  5 worker ants
  2 hound skeletons
  2 gnolls (D:6)
  9 adders
  3 oozes
  An adder skeleton (D:4)
  A worm (D:2)
  The ghost of 4thArraOfDagon the Chiller, a weakling DEIE (D:3)
  8 giant geckos
  10 orcs
  A ball python (D:4)
  7 hobgoblins
  4 jackals
  2 quokkas
  4 bats
  8 giant cockroaches
  A giant gecko skeleton (D:4)
  6 giant newts
  4 goblins
  8 kobolds
  A quokka zombie (D:5)
  7 rats
109 creatures vanquished.

Vanquished Creatures (collateral kills)
  2 scorpions
  An adder (D:4)
  2 orcs (D:4)
5 creatures vanquished.

Grand Total: 114 creatures vanquished

Notes
Turn   | Place    | Note
--------------------------------------------------------------
     0 | D:1      | esc the Octopode Transmuter began the quest for the Orb.
     0 | D:1      | Reached XP level 1. HP: 13/13 MP: 3/3
   159 | D:1      | Reached XP level 2. HP: 12/18 MP: 5/5
   865 | D:2      | Reached XP level 3. HP: 23/23 MP: 6/6
  1846 | D:3      | Noticed 4thArraOfDagon's ghost (weakling DEIE)
  1850 | D:3      | Killed 4thArraOfDagon's ghost
  1904 | D:3      | Reached skill level 2 in Fighting
  1904 | D:3      | Reached XP level 4. HP: 22/29 MP: 7/7
  2017 | D:3      | Found a blossoming altar of Fedhas.
  2405 | D:4      | HP: 7/29 [worker ant (4)]
  2578 | D:4      | Reached skill level 3 in Dodging
  2578 | D:4      | Reached XP level 5. HP: 30/35 MP: 9/9
  2767 | D:4      | Noticed an ogre
  2898 | D:4      | Learned a level 2 spell: Sticks to Snakes
  2939 | D:4      | Reached skill level 3 in Spellcasting
  2960 | D:4      | Killed an ogre
  2960 | D:4      | Reached skill level 3 in Transmutations
  2960 | D:4      | Reached XP level 6. HP: 23/41 MP: 3/10
  3143 | D:4      | Gained mutation: One of your tentacles bears a spike. [potion of beneficial mutation]
  3144 | D:4      | Noticed an ogre
  3155 | D:4      | Killed an ogre
  3155 | D:4      | Reached skill level 3 in Fighting
  3155 | D:4      | Reached skill level 4 in Unarmed Combat
  3417 | D:5      | Entered Level 5 of the Dungeon
  3638 | D:5      | Found a staircase to the Ecumenical Temple.
  3647 | Temple   | Entered the Ecumenical Temple
  3686 | Temple   | Became a worshipper of Cheibriados the Contemplative
  3777 | D:5      | Found a shattered altar of Ashenzari.
  3807 | D:5      | Reached XP level 7. HP: 36/46 MP: 10/12
  4080 | D:5      | Found Tilupt's General Store.
  4331 | D:5      | Bought a scroll of identify for 22 gold pieces
  4578 | D:5      | Reached skill level 4 in Dodging
  4648 | D:5      | Acquired Cheibriados's first power
  4881 | D:5      | Reached skill level 4 in Fighting
  4978 | D:5      | Reached skill level 4 in Spellcasting
  4978 | D:5      | Reached skill level 4 in Transmutations
  5136 | D:5      | Reached XP level 8. HP: 54/54 MP: 14/14
  5222 | D:6      | Noticed a troll
  5581 | D:6      | Noticed Blork the orc
  5600 | D:6      | Reached skill level 5 in Unarmed Combat
  5613 | D:6      | Found a sparkling altar of Nemelex Xobeh.
  6016 | D:6      | Slain by an orc warrior

Vault maps used:
D:1:      dpeg_arrival_stone_temple_mockup, serial_forest,
          infiniplex_forest_straight_3, infiniplex_forest_end_3,
          infiniplex_forest_clump_tiny, infiniplex_forest_straight_4,
          infiniplex_forest_clump_tiny, infiniplex_forest_clump_diagonal,
          infiniplex_forest_fountain, infiniplex_forest_lined_2,
          infiniplex_forest_lined_1, corexii_corridor_pit
D:2:      first_bread, st_stairs_13
D:3:      grunt_ministairs_4, fedhas_altar_2
D:4:      serial_park_tiny_pond
D:5:      forest_paths, nicolae_overflow_crystal_walls,
          minmay_temple_entry_junction, serial_shops, nicolae_shop_waterfront,
          item_on_display_a
D:6:      basic_altar, small_statue_intersection, uniq_blork_the_orc
Temple:   grunt_circular_temple_18

Action                   |  1- 3 |  4- 6 |  7- 9 || total
-------------------------+-------+-------+-------++-------
Melee: Unarmed           |    81 |    94 |   126 ||   301
 Cast: Beastly Appendage |     3 |     3 |       ||     6
       Sticks to Snakes  |       |     5 |     4 ||     9
  Use: Potion            |     2 |     3 |       ||     5
       Scroll            |     6 |     5 |     2 ||    13
 Stab: Sleeping          |     5 |     6 |     7 ||    18
  Eat: Chunk             |     3 |     6 |     2 ||    11
       Pizza             |       |       |     1 ||     1
       Beef jerky        |       |       |     1 ||     1

Vault maps used:
D:1:      dpeg_arrival_stone_temple_mockup, serial_forest,
          infiniplex_forest_straight_3, infiniplex_forest_end_3,
          infiniplex_forest_clump_tiny, infiniplex_forest_straight_4,
          infiniplex_forest_clump_tiny, infiniplex_forest_clump_diagonal,
          infiniplex_forest_fountain, infiniplex_forest_lined_2,
          infiniplex_forest_lined_1, corexii_corridor_pit
D:2:      first_bread, st_stairs_13
D:3:      grunt_ministairs_4, fedhas_altar_2
D:4:      serial_park_tiny_pond
D:5:      forest_paths, nicolae_overflow_crystal_walls,
          minmay_temple_entry_junction, serial_shops, nicolae_shop_waterfront,
          item_on_display_a
D:6:      basic_altar, small_statue_intersection, uniq_blork_the_orc
Temple:   grunt_circular_temple_18

Table legend:
 A = Turns spent in this place as a percentage of turns spent in the entire game.
 B = Non-inter-level travel turns spent in this place as a percentage of non-inter-level travel turns spent in the entire game.
 C = Inter-level travel turns spent in this place as a percentage of turns spent in this place.
 D = Turns resting spent in this place as a percentage of non-inter-level travel turns spent in this place.
 E = Turns spent auto-exploring this place as a percentage of non-inter-level travel turns spent in this place.
 F = Non-inter-level travel turns spent in this place divided by the number of levels of this place that you've seen.
                   A       B       C       D       E      F
               +-------+-------+-------+-------+-------+----------------------
         Total | 100.0 | 100.0 |   0.5 |   2.7 |   9.0 | 219.0
       Dungeon |  98.6 |  98.6 |   0.5 |   2.7 |   8.6 | 251.8
        Temple |   1.4 |   1.4 |   0.0 |   0.0 |  36.4 |  22.0
               +-------+-------+-------+-------+-------+----------------------

Table legend:
 A = Kills in this place as a percentage of kills in entire the game.
 B = Kills by you in this place as a percentage of kills by you in the entire game.
 C = Kills by friends in this place as a percentage of kills by friends in the entire game.
 D = Other kills in this place as a percentage of other kills in the entire game.
 E = Experience gained in this place as a percentage of experience gained in the entire game.
 F = Experience gained in this place divided by the number of levels of this place that you have seen.
                   A       B       C       D       E      F
               +-------+-------+-------+-------+-------+----------------------
         Total | 100.0 | 100.0 | 100.0 |  -nan | 100.0 | 231.7
       Dungeon | 100.0 | 100.0 | 100.0 |  -nan | 100.0 | 270.3
               +-------+-------+-------+-------+-------+----------------------
